 Dungeon Crawl Stone Soup version 0.17.1-1-g73c8601 (webtiles) character file.

4410 Miyamura the Basher (level 10, -10/92 HPs)
             Began as a Troll Hunter on Dec 13, 2015.
             Mangled by a large abomination (29 damage)
             ... on level 1 of the Abyss.
             The game lasted 00:29:19 (8030 turns).

Miyamura the Basher (Troll Hunter)                  Turns: 8030, Time: 00:29:19

Health: -10/92     AC:  8    Str: 22    XL:     10   Next: 14%
Magic:  9/9        EV: 10    Int:  7    God:
Gold:   484        SH:  0    Dex: 13    Spells: 0 memorised, 9 levels left

rFire  . . .     SeeInvis +     b - +0 giant spiked club
rCold  . . .     Clarity  .     i - +1 robe
rNeg   . . .     SustAt   .     (shield currently unavailable)
rPois  .         Gourm    +     (helmet restricted)
rElec  .         Spirit   .     (no cloak)
rCorr  .         Warding  .     (gloves unavailable)
rMut   .         Stasis   .     (boots unavailable)
MR     .....                    t - amulet of rage
Stlth  +.........               l - ring of see invisible
                                s - +2 ring of protection

@: drained, not resistant to hostile enchantments, very unstealthy
A: unfitting armour, claws 3, fast metabolism 3, gourmand, regeneration 2,
shaggy fur 1, tough skin 2
a: Evoke Berserk Rage


You were on level 1 of the Abyss.
You were not hungry.

You visited 2 branches of the dungeon, and saw 9 of its levels.
You visited the Abyss 1 time.
You also visited: Ossuary.

You collected 484 gold pieces.

Inventory:

Hand Weapons
 b - a +0 giant spiked club (weapon)
Missiles
 c - 3 large rocks (quivered)
 h - 212 stones
 j - 36 poisoned needles
Armour
 i - a +1 robe (worn)
 x - a +0 shield
Jewellery
 l - a ring of see invisible (right claw)
 p - an uncursed ring of ice
 s - a +2 ring of protection (left claw)
 t - an amulet of rage (around neck)
 v - an uncursed ring of fire
 y - an uncursed ring of sustain attributes
Wands
 a - a wand of random effects (17)
 r - a wand of heal wounds (7)
Scrolls
 n - 2 scrolls of teleportation
 o - a scroll of fear
 u - 4 scrolls of remove curse
 w - 2 scrolls of enchant armour
Potions
 d - a potion of ambrosia
 f - 2 potions of might
 z - a potion of magic
 A - 2 potions of lignification
Books
 D - a book of Dreams

   Spells                             Type                      Level
   a - Ensorcelled Hibernation        Hexes/Ice                    2
   b - Phase Shift                    Translocation                5
   c - Shadow Creatures               Summoning                    5
   d - Silence                        Hexes/Air                    5
   e - Darkness                       Hexes                        6
   f - Mass Confusion                 Hexes                        6
Comestibles
 e - 4 bread rations
 g - 5 meat rations
 k - 7 fruits
 m - 2 beef jerkies
 C - a slice of pizza
 E - 10 royal jellies


   Skills:
 - Level 3.9(2.8) Fighting
 + Level 10.6(9.3) Maces & Flails
 - Level 5.6(4.5) Throwing
 - Level 3.9(2.8) Dodging
 - Level 0.4(0.0) Stealth
 - Level 4.2(3.1) Unarmed Combat


You had 9 spell levels left.
You didn't know any spells.

Dungeon Overview and Level Annotations

Branches:
Dungeon (8/15)             Temple (1/1) D:5
   Lair: D:8-11

Altars:
Ashenzari
Cheibriados
Dithmenos
Fedhas
Gozag
Nemelex Xobeh
Okawaru
Qazlal
Sif Muna
Trog
Vehumet
Xom
Yredelemnul
Lugonu


Innate Abilities, Weirdness & Mutations

You are too large for most types of armour.
You have claws for hands.
Your metabolism is lightning-fast.
You like to eat raw meat.
You heal very quickly.
You are covered in fur (AC +1).
You have very tough skin (AC +2).


Message History

A large abomination comes into view.
The large abomination moves out of view.
Throwing (i - inventory. (,) - cycle):
q - a throwing net (quivered)
Press: ? - help, Shift-Dir - straight line, f - large abomination
Aim: a large abomination You throw a throwing net.
The throwing net barely misses the large abomination.
You closely miss the large abomination. The large abomination hits you.
The large abomination hits you!
You impale the large abomination!!
The large abomination is heavily damaged.
The large abomination hits you!
You sock the large abomination!
The large abomination is severely damaged.
The large abomination hits you!! x2
* * * LOW HITPOINT WARNING * * *
You hit the large abomination.
The large abomination is almost destroyed.
The large abomination hits you!!
You die...

### ..# #.#
########
..##.ยง##..#
#.#...#..#
#. #@#.#...#
#.
..##X#..###
#.....##
.......####
.####...(#
##.### ...
####


You could see a large abomination.

Vanquished Creatures
  The ghost of Miyamura the Cudgeler, a novice TrMo of Ru (D:8)
  The ghost of Nicoed the Caller, a novice OpSu of Sif Muna (D:7)
  Eustachio (D:4)
  The ghost of Nicoed the Changer, an amateur OpTm (Ossuary)
  2 water moccasins
  An ice beast (D:5)
  An orc warrior (D:6)
  A black bear (D:3)
  7 ogres
  A necrophage (D:6)
  An elf zombie (Ossuary)
  A big kobold (D:8)
  4 giant frogs
  2 scorpions
  4 wights (D:7)
  A centaur zombie (D:6)
  3 crimson imps
  2 human zombies (Ossuary)
  4 orc priests
  An iguana (D:6)
  A quasit (D:6)
  A giant frog skeleton (D:6)
  7 orc wizards
  2 centaur skeletons
  4 jellies
  3 hounds
  A small abomination (Abyss:1)
  5 worker ants
  A hound zombie (Ossuary)
  3 mummies (Ossuary)
  2 hound skeletons (D:6)
  8 gnolls
  9 adders
  A shadow imp (D:5)
  8 oozes
  7 adder zombies
  An adder skeleton (D:7)
  2 worms
  3 giant geckos
  23 orcs
  6 bats
  5 giant cockroaches
  2 gnoll zombies (Ossuary)
  9 goblins
  7 hobgoblins
  7 jackals
  5 quokkas
  A ball python (D:6)
  A giant gecko skeleton (D:8)
  2 giant newts
  4 goblin zombies
  2 hobgoblin zombies (Ossuary)
  2 jackal zombies (Ossuary)
  7 kobolds
  4 kobold zombies (Ossuary)
  3 orc zombies (Ossuary)
  5 quokka zombies (Ossuary)
  4 rats
  7 rat zombies (Ossuary)
215 creatures vanquished.

Notes
Turn   | Place    | Note
--------------------------------------------------------------
     0 | D:1      | Miyamura the Troll Hunter began the quest for the Orb.
     0 | D:1      | Reached XP level 1. HP: 19/19 MP: 0/0
   138 | D:1      | Reached XP level 2. HP: 26/28 MP: 1/1
   146 | D:1      | Reached skill level 1 in Unarmed Combat
  1066 | D:2      | Reached XP level 3. HP: 30/35 MP: 2/2
  1071 | D:2      | Reached skill level 4 in Throwing
  1257 | D:2      | Found a basalt altar of Yredelemnul.
  1258 | D:2      | Found a deep blue altar of Sif Muna.
  1575 | D:2      | Reached XP level 4. HP: 27/42 MP: 3/3
  1857 | D:3      | Reached skill level 1 in Maces & Flails
  2006 | D:3      | Found an iron altar of Okawaru.
  2073 | D:3      | Noticed a giant frog
  2082 | D:3      | Killed a giant frog
  2082 | D:3      | Reached XP level 5. HP: 37/50 MP: 4/4
  2111 | D:3      | Found a faded altar to an unknown god.
  2341 | D:3      | Noticed a black bear
  2344 | D:3      | Killed a black bear
  2344 | D:3      | Reached XP level 6. HP: 59/59 MP: 5/5
  2768 | D:4      | Found a shadowy altar of Dithmenos.
  2801 | D:4      | Noticed Eustachio
  2820 | D:4      | Reached XP level 7. HP: 27/67 MP: 6/6
  2846 | D:4      | Killed Eustachio
  2846 | D:4      | Reached skill level 5 in Throwing
  2927 | D:4      | Found a sand-covered staircase.
  2934 | Ossuary  | Entered an ossuary
  2962 | Ossuary  | Noticed Nicoed's ghost (amateur OpTm)
  2971 | Ossuary  | Killed Nicoed's ghost
  3318 | Ossuary  | Reached XP level 8. HP: 71/76 MP: 7/7
  3856 | D:5      | Entered Level 5 of the Dungeon
  3856 | D:5      | Found a staircase to the Ecumenical Temple.
  3868 | Temple   | Entered the Ecumenical Temple
  4365 | D:5      | Reached skill level 5 in Maces & Flails
  5027 | D:6      | Reached skill level 6 in Maces & Flails
  5397 | D:6      | Reached XP level 9. HP: 82/84 MP: 8/8
  5524 | D:6      | Reached skill level 7 in Maces & Flails
  5826 | D:7      | Noticed Nicoed's ghost (novice OpSu)
  5845 | D:7      | Killed Nicoed's ghost
  5845 | D:7      | Reached skill level 8 in Maces & Flails
  6466 | D:7      | Reached skill level 9 in Maces & Flails
  6708 | D:8      | Noticed Miyamura's ghost (novice TrMo)
  7351 | D:8      | Killed Miyamura's ghost
  7351 | D:8      | Reached skill level 10 in Maces & Flails
  7351 | D:8      | Reached XP level 10. HP: 44/92 MP: 9/9
  7790 | D:8      | Got a dazzling dagger
  7791 | D:8      | Identified the +3 dagger of Zin {distort, *Drain rElec rN+ Stlth+} (You found it on level 8 of the Dungeon)
  7792 | D:8      | Cast into the Abyss (a distortion unwield)
  7901 | Abyss:1  | Noticed a spatial maelstrom
  8023 | Abyss:1  | Noticed a large abomination
  8030 | Abyss:1  | Mangled by a large abomination

Action                   |  1- 3 |  4- 6 |  7- 9 | 10-12 || total
-------------------------+-------+-------+-------+-------++-------
Melee: Unarmed           |   151 |   129 |   178 |       ||   458
       Giant spiked club |       |       |   303 |    48 ||   351
Throw: Large rock        |     2 |    10 |    11 |       ||    23
       Throwing net      |       |     3 |       |     1 ||     4
       Stone             |       |       |     1 |       ||     1
  Use: Scroll            |     5 |     1 |    15 |     4 ||    25
       Potion            |       |       |     7 |     1 ||     8
 Stab: Sleeping          |       |       |     4 |     1 ||     5
       Distracted        |       |       |     1 |       ||     1
  Eat: Chunk             |    20 |    10 |    42 |       ||    72
       Pizza             |       |       |     1 |       ||     1
       Beef jerky        |       |       |     1 |       ||     1
